 Dungeon Crawl Stone Soup version 0.30-a0-385-gfebfb9b408 (webtiles) character file.

Game seed: 12424249165402439014

96 Hubris850 the Grave Robber (level 4, -3/30 HPs)
             Began as a Demonspawn Necromancer on Dec 2, 2022.
             Slain by Robin
             ... wielding a +0 falchion
              (7 damage)
             ... on level 2 of the Dungeon.
             The game lasted 00:04:12 (1361 turns).

Hubris850 the Grave Robber (Demonspawn Necromancer) Turns: 1361, Time: 00:04:13

Health: -3/30      AC:  2    Str:  8    XL:     4   Next: 41%
Magic:  0/8        EV: 12    Int: 19    God:
Gold:   27         SH:  0    Dex: 13    Spells: 7/8 levels left

rFire   . . .      SeeInvis .    a - +0 dagger
rCold   . . .      Faith    .    (no shield)
rNeg    . . .      Spirit   .    g - +0 robe
rPois   .          Reflect  .    (no helmet)
rElec   .          Harm     .    (no cloak)
rCorr   .          Rampage  .    (no gloves)
Will    .....                    (no boots)
Stlth   ++........               (no amulet)
HPRegen 0.25/turn                i - ring of flight
MPRegen 0.11/turn                (no ring)

@: flying
A: hooves 1
a: no special abilities


You were on level 2 of the Dungeon.
You visited 1 branch of the dungeon, and saw 2 of its levels.

You collected 27 gold pieces.

Inventory:

Hand Weapons
 a - a +0 dagger (weapon)
 b - a +0 sling of draining
Armour
 g - a +0 robe (worn)
Jewellery
 i - a ring of flight (left hand)
Scrolls
 c - 5 scrolls of identify {unknown}
 d - 3 scrolls of teleportation {unknown}
 e - a scroll of immolation {unknown}
 h - a scroll of silence {unknown}
 k - a scroll of noise {unknown}
 l - a scroll of vulnerability {unknown}
Potions
 f - 2 potions of heal wounds {unknown}
 j - a potion of magic
 m - a potion of ambrosia {unknown}


   Skills:
 + Level 2.5 Dodging
 + Level 2.7 Stealth
 + Level 2.8 Spellcasting
 + Level 5.0 Necromancy


You had 7 spell levels left.
You knew the following spells:

 Your Spells              Type           Power      Damage    Failure   Level
a - Necrotise             Necr           84%        1d8       1%          1

Your spell library contained the following spells:

 Spells                   Type           Power      Damage    Failure   Level
 Vampiric Draining        Necr           21%        2d7       6%          3
 Animate Dead             Necr           21%        N/A       21%         4
 Agony                    Necr           21%        N/A       50%         5


Dungeon Overview and Level Annotations

Branches:
Dungeon (2/15)

Altars:
Sif Muna

Annotations:
D:2 Robin


Innate Abilities, Weirdness & Mutations

You have large cloven feet.


Message History

Casting: Necrotise (safe; 1% risk of failure)
Confirm with . or Enter, or press ? or * to list all spells.
Aiming: Necrotise (safe; 1% risk of failure)
Press: ? - help, Shift-Dir - straight line, f/p - Robin
Aim: Robin, wielding a +0 falchion, wearing a +0 animal skin and wearing a +0 helmet (heavily wounded, chance to affect: 85%) Robin writhes in agony.
Robin barely misses you.
Casting: Necrotise (safe; 1% risk of failure)
Confirm with . or Enter, or press ? or * to list all spells.
Aiming: Necrotise (safe; 1% risk of failure)
Press: ? - help, Shift-Dir - straight line, f/p - Robin
Aim: Robin, wielding a +0 falchion, wearing a +0 animal skin and wearing a +0 helmet (heavily wounded, chance to affect: 85%) Robin writhes in agony.
Robin hits you with a +0 falchion.
You shoot a sling bullet. The sling bullet barely misses Robin.
The sling bullet completely misses the hobgoblin.
Robin hits you with a +0 falchion!
Unknown command.
a - a +0 dagger (weapon)
You barely miss Robin. You kick Robin, but do no damage.
Robin is severely wounded.
The hobgoblin barely misses you. Robin barely misses you.
Casting: Necrotise (safe; 1% risk of failure)
Confirm with . or Enter, or press ? or * to list all spells.
You don't have enough magic to cast this spell.
You hit Robin but do no damage. You kick Robin.
Robin is almost dead.
The hobgoblin hits you! Robin hits you with a +0 falchion.
You barely miss Robin. You kick Robin, but do no damage.
Robin is almost dead.
The hobgoblin hits you!
* * * LOW HITPOINT WARNING * * *
Robin misses you.
Casting: Necrotise (safe; 1% risk of failure)
Confirm with . or Enter, or press ? or * to list all spells.
Aiming: Necrotise (safe; 1% risk of failure)
Press: ? - help, Shift-Dir - straight line, f - hobgoblin, p - Robin
Aim: a hobgoblin (severely wounded, strong, chance to affect: 90%)
The hobgoblin writhes in agony.
You kill the hobgoblin!
The dead are walking!
Robin hits you with a +0 falchion!
You die...

.# #.. .# #.# .#
... .### #)# ...
#.#.#######.######
#†#...............
#Z#####.#.#.######
#@g.....#.#.# #
#########.#.# ##
#.#.. . #.### #
#†# # #.# ## #.#
#. #.# #. #.# #.


You could see Robin (ally target) and a friendly hobgoblin skeleton.

Vanquished Creatures
  An iguana (D:2)
  3 adders (D:2)
  A worm (D:2)
  A ball python (D:2)
  4 bats
  6 endoplasms
  A giant cockroach (D:1)
  6 goblins
  8 hobgoblins
  A kobold (D:1)
  3 frilled lizards (D:1)
  3 rats (D:1)
38 creatures vanquished.

Vanquished Creatures (collateral kills)
  A rat (D:1)
1 creature vanquished.

Grand Total: 39 creatures vanquished

Notes
Turn   | Place    | Note
-------+----------+-------------------------------------------
     0 | D:1      | Hubris850 the Demonspawn Necromancer began the quest for
                  | the Orb.
     0 | D:1      | Reached XP level 1. HP: 13/13 MP: 3/3
   368 | D:1      | Gained mutation: You have large cloven feet. [demonic
                  | ancestry]
   368 | D:1      | Reached XP level 2. HP: 11/19 MP: 5/5
  1031 | D:2      | Reached XP level 3. HP: 24/24 MP: 6/6
  1130 | D:2      | Found a shimmering blue altar of Sif Muna.
  1144 | D:2      | Reached XP level 4. HP: 24/30 MP: 5/7
  1342 | D:2      | Noticed Robin
  1346 | D:2      | Reached skill level 5 in Necromancy
  1361 | D:2      | Slain by Robin

Illustrated notes

Levels and vault maps discovered:
D:1:      dpeg_arrival_windows_large_door, layout_loops_ring
D:2:      layout_basic, basic_altar, chequers_mini_garden, uniq_robin,
          uniq_terence

Skill      XL: |  1  2  3  4 |
---------------+-------------+-----
Stealth        | 2 |  2.7
Dodging        | 2 |  2.5
Necromancy     | 5 |  5.0
Spellcasting   | |  2.8

Action                   |  1- 3 |  4- 6 || total
-------------------------+-------+-------++-------
Melee: Dagger            |    33 |    10 ||    43
       Unarmed           |     1 |       ||     1
       Kick              |     5 |     4 ||     9
 Fire: Sling             |    33 |    14 ||    47
 Cast: Necrotise         |    12 |    17 ||    29
 Stab: Sleeping          |     3 |       ||     3
       Distracted        |     1 |       ||     1
Armor: Robe              |     7 |     2 ||     9
Dodge: Dodged            |    29 |    18 ||    47

Table legend: (Time is in decaauts)
 A = Elapsed time spent in this place.
 B = Non-inter-level travel time spent in this place.
 C = Inter-level travel time spent in this place.
 D = Time resting spent in this place.
 E = Time spent auto-exploring this place.
 F = Levels seen in this place.
 G = Mean time per level.
                   A        B        C        D        E       F      G
               +--------+--------+--------+--------+--------+-----+--------+
         Total |   1376 |   1317 |     59 |     24 |   1008 |   2 |  688.0 |
       Dungeon |   1376 |   1317 |     59 |     24 |   1008 |   2 |  688.0 |
               +--------+--------+--------+--------+--------+-----+--------+

Top non-repeatable levels by time:
     D:1: 991 daAuts
     D:2: 385 daAuts
